Sabres vs Flames
Created - January 26, 2018 at 19:26
Goals
|
Sabres |
2 |
4 |
0 |
6 |
Flames |
0 |
0 |
1 |
1 |
|
Shots
|
Sabres |
8 |
13 |
7 |
28 |
Flames |
3 |
8 |
15 |
26 |
|
1st period
1. Sabres , Rob Scuderi 6 (Jared Cowen 14, Evander Kane 25) at 10:37 (PP)
2. Sabres , Ryan O'Reilly 8 (Scottie Upshall 10, Evander Kane 26) at 15:13
Penalties :
Michel Ouellet (Cal) for Tripping (Minor) at 2:16, Mikhail Grabovski (Cal) for Hooking (Minor) at 9:24, Rob Scuderi (Buf) for Slashing (Minor) at 11:20, Eric Staal (Cal) for Hooking (Minor) at 15:16, Eric Staal (Cal) for Roughing (Minor) at 17:25
2nd period
3. Sabres , Evander Kane 22 (Scottie Upshall 11, Jared Cowen 15) at 8:29
4. Sabres , Zack Kassian 16 (Vincent Lecavalier 20, Jakub Kindl 7) at 11:41
5. Sabres , Kyle Okposo 15 (Andrei Loktionov 24, Ilya Kovalchuk 24) at 12:33
6. Sabres , Evander Kane 23 (Scottie Upshall 12, Ryan O'Reilly 18) at 15:46
Penalties :
Steve Eminger (Cal) for Hooking (Minor) at 1:34, David Backes (Cal) for Tripping (Minor) at 17:50
3rd period
7. Flames , Sami Vatanen 1 (Michel Ouellet 3, Patrik Berglund 18) at 4:14
Penalties :
Colin Wilson (Cal) for Holding (Minor) at 1:12, Alexander Semin (Cal) for Hooking (Minor) at 7:29
Goalie Stats
Robin Lehner (Buf), 25 saves from 26 shots - (0.962), W, 24-8-1, 60:00 minutes
Josh Harding (Cal), 11 saves from 13 shots - (0.846), 28:19 minutes
Pekka Rinne (Cal), 11 saves from 15 shots - (0.733), L, 17-14-4, 31:41 minutes
Players Stats for Sabres
Player Name G A P +/- PIM S H SB GA TA FO MP PP MP PK MP
------------------------------------------------------------------------------------
Andrei Loktionov 0 1 1 1 0 1 4 0 1 0 19/32 22:37 8:58 0:00
Brad Richardson 0 0 0 -1 0 2 1 0 0 0 0/0 8:29 0:18 0:00
Brandon Sutter 0 0 0 -1 0 0 0 1 0 1 1/4 9:48 0:18 1:05
Darcy Hordichuk 0 0 0 -1 0 0 1 1 0 0 0/0 10:29 0:12 1:02
Evander Kane 2 2 4 3 0 7 2 0 1 1 0/3 20:10 8:58 0:09
Ilya Kovalchuk 0 1 1 1 0 2 0 1 1 0 0/1 20:27 5:56 0:37
Jakub Kindl 0 1 1 -1 0 0 2 0 0 0 0/0 10:04 0:00 0:29
Jared Cowen 0 2 2 5 0 0 0 0 0 1 0/0 22:27 7:04 0:53
Jordan Leopold 0 0 0 -1 0 0 1 0 0 0 0/0 9:58 0:00 0:37
Kyle Okposo 1 0 1 1 0 3 5 1 1 0 1/1 22:37 8:58 0:00
Matt Martin 0 0 0 1 0 1 1 0 0 0 0/0 9:11 0:00 0:28
Michael Kostka 0 0 0 5 0 2 0 2 0 0 0/0 22:27 7:04 0:53
Rob Scuderi 1 0 1 0 2 2 1 1 0 1 0/0 27:02 8:02 0:00
Ryan O'Reilly 1 1 2 3 0 3 0 0 0 0 5/8 11:52 0:00 0:00
Scottie Upshall 0 3 3 3 0 1 0 0 0 0 0/0 11:52 0:00 0:00
Vincent Lecavalier 0 1 1 1 0 2 0 0 0 0 2/4 15:29 5:50 0:37
Zach Bogosian 0 0 0 0 0 1 2 1 1 0 0/0 28:09 8:02 1:06
Zack Kassian 1 0 1 1 0 1 1 0 0 0 1/1 14:52 5:50 0:00
Players Stats for Flames
Player Name G A P +/- PIM S H SB GA TA FO MP PP MP PK MP
------------------------------------------------------------------------------------
Alexander Semin 0 0 0 0 2 1 1 0 0 0 1/1 21:34 1:01 6:28
Brad Marchand 0 0 0 -2 0 1 1 1 0 0 2/4 16:40 0:03 3:42
Colin Wilson 0 0 0 -2 2 2 0 0 0 0 1/3 10:50 0:00 1:01
David Backes 0 0 0 0 2 3 2 1 1 0 0/1 14:33 1:01 0:00
Derek Meech 0 0 0 -1 0 1 1 1 0 0 0/0 18:12 0:45 6:12
Eric Staal 0 0 0 0 4 2 1 1 0 0 15/25 20:29 1:01 4:56
Erik Johnson 0 0 0 -1 0 2 0 1 1 0 0/0 18:46 1:14 0:41
Jonathan Ferland 0 0 0 0 0 2 1 0 0 0 0/0 6:11 0:03 0:00
Jordin Tootoo 0 0 0 -2 0 4 1 0 1 1 0/0 17:09 0:55 6:28
Lubomir Visnovsky 0 0 0 -2 0 0 0 5 0 1 0/0 24:16 0:00 9:27
Michel Ouellet 0 1 1 -2 2 1 1 1 0 1 0/0 13:18 0:03 0:00
Mikhail Grabovski 0 0 0 0 2 1 0 1 0 1 1/8 12:57 0:00 6:49
Noah Welch 0 0 0 0 0 0 0 0 0 0 0/0 6:53 0:45 0:00
Patrik Berglund 0 1 1 -2 0 2 2 1 1 1 5/12 13:49 0:55 0:00
Ron Hainsey 0 0 0 -1 0 0 0 0 0 0 0/0 16:42 0:00 5:27
Sami Vatanen 1 0 1 -1 0 2 0 0 0 0 0/0 18:17 1:14 0:12
Steve Eminger 0 0 0 -2 2 0 1 6 0 0 0/0 23:08 0:00 8:13
Steve Regier 0 0 0 -2 0 2 1 0 0 0 0/0 11:02 0:55 0:48
3 Stars
1 - Evander Kane (Buf)
2 - Jared Cowen (Buf)
3 - Ryan O'Reilly (Buf)
Power Play
Sabres - 1 on 8 Attempt(s) - 12.50%
Flames - 0 on 1 Attempt(s) - 0.00%
Penalty Kill
Sabres - 1 on 1 Attempt(s) - 100.00%
- Score 0 goal in Penalty Kill
Flames - 7 on 8 Attempt(s) - 87.50%
- Score 0 goal in Penalty Kill
Team Stat
Sabres - Hits : 21 - Faceoff Wins : 29 - Blocked Shots : 8 - Penalty Minutes : 2
Flames - Hits : 13 - Faceoff Wins : 25 - Blocked Shots : 19 - Penalty Minutes : 16
Official
Referees : Charron Francis and Hebert Ghislain
Linesman : Bryan Pancich and Greg Devorski
Game Notes
Josh Harding enters game at 11:41 of 2nd period
Finance
Level 1 -- Attendance: 5930 (98.83%) -- Ticket Income $533,700
Level 2 -- Attendance: 3956 (79.12%) -- Ticket Income $229,448
Level 3 -- Attendance: 1554 (77.70%) -- Ticket Income $59,052
Level 4 -- Attendance: 3923 (98.08%) -- Ticket Income $105,921
Luxury Box -- Attendance: 881 (88.10%) -- Ticket Income $143,603
Game was played at the Metal Center.
Total Attendance: 16244 (90.24%)
Total Ticket Income: $1,071,724
Other Income: $160,759
Total Income: $1,232,483
Sabres
5 vs 5 Forward
Center Left Wing Right Wing Time % Phy DF OF
1 Andrei Loktionov Ilya Kovalchuk Kyle Okposo 38 0 2 3
2 Ryan O'Reilly Evander Kane Scottie Upshall 32 0 2 3
3 Vincent Lecavalier Matt Martin Zack Kassian 22 1 2 2
4 Brandon Sutter Darcy Hordichuk Brad Richardson 8 0 3 2
5 vs 5 Defense
Defense Defense Time % Phy DF OF
1 Zach Bogosian Rob Scuderi 44 0 2 3
2 Michael Kostka Jared Cowen 36 1 3 1
3 Jakub Kindl Jordan Leopold 20 0 4 1
4 Michael Kostka Jared Cowen 0 0 3 2
PowerPlay Forward
Center Left Wing Right Wing Time % Phy DF OF
1 Andrei Loktionov Evander Kane Kyle Okposo 58 1 0 4
2 Vincent Lecavalier Ilya Kovalchuk Zack Kassian 42 1 0 4
PowerPlay Defense
Defense Defense Time % Phy DF OF
1 Zach Bogosian Rob Scuderi 58 0 2 3
2 Michael Kostka Jared Cowen 42 1 1 3
Penalty Kill 4 Players Forward
Center Wing Time % Phy DF OF
1 Brandon Sutter Darcy Hordichuk 60 0 5 0
2 Vincent Lecavalier Ilya Kovalchuk 40 0 4 1
Penalty Kill 4 Players Defense
Defense Defense Time % Phy DF OF
1 Michael Kostka Jared Cowen 60 0 5 0
2 Zach Bogosian Rob Scuderi 40 0 4 1
Penalty Kill - 3 Players Forward
Forward Time % Phy DF OF
1 Brandon Sutter 60 0 5 0
2 Darcy Hordichuk 40 0 5 0
Penalty Kill - 3 Players Defense
Defense Defense Time % Phy DF OF
1 Michael Kostka Jared Cowen 60 0 5 0
2 Zach Bogosian Rob Scuderi 40 0 5 0
4 vs 4 Forward
Center Wing Time % Phy DF OF
1 Ryan O'Reilly Ilya Kovalchuk 60 1 2 2
2 Vincent Lecavalier Zack Kassian 40 1 2 2
4 vs 4 Defense
Defense Defense Time % Phy DF OF
1 Zach Bogosian Rob Scuderi 60 1 2 2
2 Michael Kostka Jared Cowen 40 1 2 2
Last Minutes Offensive
Center Left Wing Right Wing Defense Defense
Vincent Lecavalier Ilya Kovalchuk Kyle Okposo Zach Bogosian Michael Kostka
Last Minutes Defensive
Center Left Wing Right Wing Defense Defense
Brandon Sutter Ilya Kovalchuk Zack Kassian Zach Bogosian Jared Cowen
Goaltenders
Starting : Robin Lehner
Backup : Jonas Hiller
Extra Forwards
Normal : Ilya Kovalchuk, Kyle Okposo, Vincent Lecavalier - PP : Kyle Okposo, Vincent Lecavalier - PK : Matt Martin
Extra Defensemen
Normal : Jakub Kindl, Jordan Leopold, Michael Kostka - PP : Jakub Kindl - PK : Jordan Leopold, Michael Kostka
Penalty Shots
Ilya Kovalchuk, Vincent Lecavalier, Evander Kane, Darcy Hordichuk, Kyle Okposo
Scratches
Michael Haley (Healthy)
Flames
5 vs 5 Forward
Center Left Wing Right Wing Time % Phy DF OF
1 Eric Staal Alexander Semin David Backes 41 1 2 2
2 Patrik Berglund Brad Marchand Michel Ouellet 33 1 2 2
3 Colin Wilson Steve Regier Jordin Tootoo 18 1 2 2
4 Mikhail Grabovski Noah Welch Jonathan Ferland 8 1 2 2
5 vs 5 Defense
Defense Defense Time % Phy DF OF
1 Sami Vatanen Erik Johnson 38 1 2 2
2 Lubomir Visnovsky Steve Eminger 29 1 2 2
3 Ron Hainsey Derek Meech 23 1 2 2
4 Lubomir Visnovsky Steve Eminger 10 1 2 2
PowerPlay Forward
Center Left Wing Right Wing Time % Phy DF OF
1 Eric Staal Alexander Semin David Backes 60 1 1 3
2 Patrik Berglund Steve Regier Jordin Tootoo 40 1 1 3
PowerPlay Defense
Defense Defense Time % Phy DF OF
1 Sami Vatanen Erik Johnson 60 1 1 3
2 Noah Welch Derek Meech 40 1 1 3
Penalty Kill 4 Players Forward
Center Wing Time % Phy DF OF
1 Mikhail Grabovski Alexander Semin 50 1 3 1
2 Eric Staal Jordin Tootoo 50 1 3 1
Penalty Kill 4 Players Defense
Defense Defense Time % Phy DF OF
1 Lubomir Visnovsky Steve Eminger 58 1 3 1
2 Ron Hainsey Derek Meech 42 1 3 1
Penalty Kill - 3 Players Forward
Forward Time % Phy DF OF
1 Eric Staal 50 1 3 1
2 Alexander Semin 50 1 3 1
Penalty Kill - 3 Players Defense
Defense Defense Time % Phy DF OF
1 Lubomir Visnovsky Steve Eminger 58 1 3 1
2 Ron Hainsey Derek Meech 42 1 3 1
4 vs 4 Forward
Center Wing Time % Phy DF OF
1 Eric Staal Alexander Semin 60 1 2 2
2 Patrik Berglund Jordin Tootoo 40 1 2 2
4 vs 4 Defense
Defense Defense Time % Phy DF OF
1 Sami Vatanen Erik Johnson 60 1 2 2
2 Lubomir Visnovsky Steve Eminger 40 1 2 2
Last Minutes Offensive
Center Left Wing Right Wing Defense Defense
Eric Staal Alexander Semin David Backes Sami Vatanen Erik Johnson
Last Minutes Defensive
Center Left Wing Right Wing Defense Defense
Eric Staal Alexander Semin David Backes Lubomir Visnovsky Erik Johnson
Goaltenders
Starting : Pekka Rinne
Backup : Josh Harding
Extra Forwards
Normal : Brad Marchand, Jordin Tootoo, Patrik Berglund - PP : Brad Marchand, Jordin Tootoo - PK : Brad Marchand
Extra Defensemen
Normal : Lubomir Visnovsky, Derek Meech, Steve Eminger - PP : Sami Vatanen - PK : Derek Meech, Erik Johnson
Penalty Shots
Eric Staal, Alexander Semin, David Backes, Patrik Berglund, Colin Wilson
Scratches
Brendan Mikkelson (Healthy)
% Time on Ice - Sabres
Lines # - Real PCT - Wanted PCT - Time Play
Normal Forward
1 - 32% - 38% - 13:53
2 - 28% - 32% - 12:11
3 - 20% - 22% - 8:43
4 - 19% - 8% - 8:08
Normal Defense
1 - 44% - 44% - 18:47
2 - 34% - 36% - 14:44
3 - 22% - 20% - 9:24
4 - 0% - 0% - 0:00
PP Forward
1 - 59% - 58% - 8:58
2 - 41% - 42% - 6:08
PP Defense
1 - 53% - 58% - 8:02
2 - 47% - 42% - 7:04
PK Forward
1 - 69% - 60% - 1:22
2 - 31% - 40% - 0:37
PK Defense
1 - 45% - 60% - 0:53
2 - 55% - 40% - 1:06
PK3 Forward
1 - 0% - 60%
2 - 0% - 40%
PK3 Defense
1 - 0% - 60%
2 - 0% - 40%
44 Forward
1 - 0% - 60%
2 - 0% - 40%
44 Defense
1 - 0% - 60%
2 - 0% - 40%
Last Minute Offensive - 0:00
Last Minute Defensive - 0:00
Total
Forward - 60:00
Defense - 60:00
|
% Time on Ice - Flames
Lines # - Real PCT - Wanted PCT - Time Play
Normal Forward
1 - 33% - 41% - 14:06
2 - 31% - 33% - 13:27
3 - 22% - 18% - 9:14
4 - 14% - 8% - 6:08
Normal Defense
1 - 42% - 38% - 17:57
2 - 30% - 29% - 12:46
3 - 26% - 23% - 10:59
4 - 3% - 10% - 1:13
PP Forward
1 - 54% - 60% - 1:04
2 - 46% - 40% - 0:55
PP Defense
1 - 62% - 60% - 1:14
2 - 38% - 40% - 0:45
PK Forward
1 - 50% - 50% - 7:34
2 - 50% - 50% - 7:32
PK Defense
1 - 64% - 58% - 9:39
2 - 36% - 42% - 5:27
PK3 Forward
1 - 0% - 50%
2 - 0% - 50%
PK3 Defense
1 - 0% - 58%
2 - 0% - 42%
44 Forward
1 - 0% - 60%
2 - 0% - 40%
44 Defense
1 - 0% - 60%
2 - 0% - 40%
Last Minute Offensive - 0:00
Last Minute Defensive - 0:00
Total
Forward - 60:00
Defense - 60:00
|
Play by Play
1st period
0:01 of 1st period - Eric Staal wins face-off versus Andrei Loktionov in neutral zone.
0:03 of 1st period - Off-side.
0:04 of 1st period - Andrei Loktionov wins face-off versus Eric Staal in neutral zone.
0:38 of 1st period - Wrist shot by Matt Martin.
0:38 of 1st period - Stopped by Pekka Rinne with a rebound.
0:40 of 1st period - Wrist shot by Zack Kassian.
0:40 of 1st period - Shot Blocked by Erik Johnson.
0:42 of 1st period - Slapshot by Rob Scuderi.
0:42 of 1st period - Shot Misses the Net.
0:52 of 1st period - Slapshot by Erik Johnson.
0:52 of 1st period - Shot Misses the Net.
1:30 of 1st period - Jared Cowen is hit by Steve Regier.
1:40 of 1st period - Wrist shot by Jordin Tootoo.
1:40 of 1st period - Shot Misses the Net.
2:16 of 1st period - Minor Penalty to Michel Ouellet for Tripping.
2:17 of 1st period - Andrei Loktionov wins face-off versus Mikhail Grabovski in Flames zone.
2:23 of 1st period - Wrist shot by Evander Kane.
2:23 of 1st period - Shot Misses the Net.
2:25 of 1st period - Slapshot by Rob Scuderi.
2:25 of 1st period - Deflect By Evander Kane.
2:25 of 1st period - Shot Misses the Net.
2:25 of 1st period - Puck is out of play.
2:26 of 1st period - Andrei Loktionov wins face-off versus Mikhail Grabovski in Flames zone.
2:29 of 1st period - Wrist shot by Evander Kane.
2:29 of 1st period - Shot Misses the Net.
2:50 of 1st period - Snap shot by Kyle Okposo.
2:50 of 1st period - Stopped by Pekka Rinne with a rebound.
2:52 of 1st period - Snap shot by Andrei Loktionov.
2:52 of 1st period - Shot Blocked by Lubomir Visnovsky.
2:54 of 1st period - Backhand shot by Rob Scuderi.
2:54 of 1st period - Shot Blocked by Steve Eminger.
2:56 of 1st period - Slapshot by Zach Bogosian.
2:56 of 1st period - Shot Blocked by Steve Eminger.
2:58 of 1st period - Wrist shot by Evander Kane.
2:58 of 1st period - Stopped by Pekka Rinne with a rebound.
3:00 of 1st period - Wrist shot by Andrei Loktionov.
3:00 of 1st period - Shot Blocked by Lubomir Visnovsky.
3:02 of 1st period - Snap shot by Rob Scuderi.
3:02 of 1st period - Stopped by Pekka Rinne without a rebound.
3:03 of 1st period - Eric Staal wins face-off versus Vincent Lecavalier in Flames zone.
3:36 of 1st period - Alexander Semin is hit by Zach Bogosian and loses puck.
3:57 of 1st period - Steve Eminger is hit by Kyle Okposo and loses puck.
4:16 of 1st period - Penalty to Michel Ouellet is over, Michel Ouellet is back on ice.
4:31 of 1st period - Snap shot by Jordin Tootoo.
4:31 of 1st period - Stopped by Robin Lehner with a rebound.
4:33 of 1st period - Slapshot by Erik Johnson.
4:33 of 1st period - Shot Misses the Net.
4:37 of 1st period - Snap shot by Jordin Tootoo.
4:37 of 1st period - Stopped by Robin Lehner without a rebound.
4:38 of 1st period - Patrik Berglund wins face-off versus Ryan O'Reilly in Sabres zone.
5:27 of 1st period - Wrist shot by Kyle Okposo.
5:27 of 1st period - Shot Blocked by Steve Eminger.
6:18 of 1st period - Wrist shot by Jonathan Ferland.
6:18 of 1st period - Stopped by Robin Lehner with a rebound.
6:32 of 1st period - Eric Staal is hit by Andrei Loktionov.
7:22 of 1st period - Darcy Hordichuk is hit by Steve Eminger and loses puck.
7:41 of 1st period - Steve Eminger is hit by Kyle Okposo and loses puck.
8:24 of 1st period - Snap shot by Vincent Lecavalier.
8:24 of 1st period - Stopped by Pekka Rinne with a rebound.
8:38 of 1st period - Wrist shot by Brad Richardson.
8:38 of 1st period - Shot Misses the Net.
9:09 of 1st period - Derek Meech is hit by Andrei Loktionov and loses puck.
9:24 of 1st period - Minor Penalty to Mikhail Grabovski for Hooking.
9:25 of 1st period - Andrei Loktionov wins face-off versus Eric Staal in Flames zone.
9:50 of 1st period - Icing by Evander Kane.
9:51 of 1st period - Andrei Loktionov wins face-off versus Brad Marchand in Sabres zone.
10:07 of 1st period - Jordin Tootoo is hit by Rob Scuderi and loses puck.
10:20 of 1st period - Lubomir Visnovsky is hit by Kyle Okposo and loses puck.
10:33 of 1st period - Slapshot by Evander Kane.
10:33 of 1st period - Shot Misses the Net.
10:35 of 1st period - Slapshot by Jared Cowen.
10:35 of 1st period - Shot Blocked by Lubomir Visnovsky.
10:37 of 1st period - Slapshot by Rob Scuderi.
10:37 of 1st period - Goal by Rob Scuderi - Sabres : 1 - Flames : 0.
10:38 of 1st period - Vincent Lecavalier wins face-off versus Eric Staal in neutral zone.
10:53 of 1st period - Off-side.
10:54 of 1st period - Ryan O'Reilly wins face-off versus Patrik Berglund in neutral zone.
10:56 of 1st period - Off-side.
10:57 of 1st period - Ryan O'Reilly wins face-off versus Patrik Berglund in neutral zone.
11:20 of 1st period - Minor Penalty to Rob Scuderi for Slashing.
11:21 of 1st period - Eric Staal wins face-off versus Brandon Sutter in Sabres zone.
13:20 of 1st period - Penalty to Rob Scuderi is over, Rob Scuderi is back on ice.
13:23 of 1st period - Snap shot by Mikhail Grabovski.
13:23 of 1st period - Shot Blocked by Brandon Sutter.
13:33 of 1st period - Snap shot by Zach Bogosian.
13:33 of 1st period - Deflect By Rob Scuderi.
13:33 of 1st period - Shot Blocked by Lubomir Visnovsky.
13:33 of 1st period - Puck is out of play.
13:34 of 1st period - Andrei Loktionov wins face-off versus Patrik Berglund in Flames zone.
13:41 of 1st period - Wrist shot by Andrei Loktionov.
13:41 of 1st period - Shot Blocked by Steve Eminger.
13:47 of 1st period - Snap shot by Ilya Kovalchuk.
13:47 of 1st period - Shot Misses the Net.
14:10 of 1st period - Jared Cowen is hit by Jonathan Ferland.
14:28 of 1st period - Snap shot by Alexander Semin.
14:28 of 1st period - Shot Blocked by Michael Kostka.
14:52 of 1st period - Michael Kostka is hit by Jordin Tootoo and loses puck.
15:13 of 1st period - Backhand shot by Ryan O'Reilly.
15:13 of 1st period - Goal by Ryan O'Reilly - Sabres : 2 - Flames : 0.
15:14 of 1st period - Eric Staal wins face-off versus Andrei Loktionov in neutral zone.
15:16 of 1st period - Minor Penalty to Eric Staal for Hooking.
15:17 of 1st period - Andrei Loktionov wins face-off versus Brad Marchand in Flames zone.
16:41 of 1st period - Alexander Semin is hit by Kyle Okposo and loses puck.
17:12 of 1st period - Lubomir Visnovsky is hit by Zack Kassian and loses puck.
17:16 of 1st period - Penalty to Eric Staal is over, Eric Staal is back on ice.
17:25 of 1st period - Minor Penalty to Eric Staal for Roughing.
17:26 of 1st period - Brad Marchand wins face-off versus Evander Kane in Flames zone.
17:26 of 1st period - Brad Marchand is hit by Evander Kane.
19:25 of 1st period - Penalty to Eric Staal is over, Eric Staal is back on ice.
19:33 of 1st period - Slapshot by Ryan O'Reilly.
19:33 of 1st period - Shot Blocked by Steve Eminger.
19:35 of 1st period - Snap shot by Jakub Kindl.
19:35 of 1st period - Shot Misses the Net.
19:37 of 1st period - Snap shot by Ryan O'Reilly.
19:37 of 1st period - Stopped by Pekka Rinne with a rebound.
19:47 of 1st period - Lubomir Visnovsky is hit by Darcy Hordichuk and loses puck.
Goals for this period are 2 for Sabres vs 0 for Flames.
Shots for this period are 8 for Sabres vs 3 for Flames.
2nd period
0:01 of 2nd period - Eric Staal wins face-off versus Andrei Loktionov in neutral zone.
0:04 of 2nd period - Slapshot by Erik Johnson.
0:04 of 2nd period - Stopped by Robin Lehner with a rebound.
1:32 of 2nd period - Wrist shot by Ilya Kovalchuk.
1:32 of 2nd period - Shot Misses the Net.
1:34 of 2nd period - Minor Penalty to Steve Eminger for Hooking.
1:35 of 2nd period - Andrei Loktionov wins face-off versus Mikhail Grabovski in Flames zone.
1:50 of 2nd period - Slapshot by Kyle Okposo.
1:50 of 2nd period - Shot Blocked by Mikhail Grabovski.
1:52 of 2nd period - Snap shot by Kyle Okposo.
1:52 of 2nd period - Shot Blocked by Lubomir Visnovsky.
3:34 of 2nd period - Penalty to Steve Eminger is over, Steve Eminger is back on ice.
3:49 of 2nd period - Darcy Hordichuk is hit by Michel Ouellet.
4:47 of 2nd period - Lubomir Visnovsky is hit by Brad Richardson and loses puck.
5:37 of 2nd period - Snap shot by Mikhail Grabovski.
5:37 of 2nd period - Stopped by Robin Lehner without a rebound.
5:38 of 2nd period - Andrei Loktionov wins face-off versus Mikhail Grabovski in Sabres zone.
5:47 of 2nd period - Slapshot by Andrei Loktionov.
5:47 of 2nd period - Stopped by Pekka Rinne with a rebound.
5:49 of 2nd period - Wrist shot by Kyle Okposo.
5:49 of 2nd period - Shot Misses the Net.
6:03 of 2nd period - Steve Eminger is hit by Jordan Leopold and loses puck.
6:18 of 2nd period - Wrist shot by Mikhail Grabovski.
6:18 of 2nd period - Shot Blocked by Rob Scuderi.
7:09 of 2nd period - Wrist shot by Brandon Sutter.
7:09 of 2nd period - Shot Blocked by Derek Meech.
7:27 of 2nd period - Snap shot by Steve Regier.
7:27 of 2nd period - Stopped by Robin Lehner without a rebound.
7:28 of 2nd period - Ryan O'Reilly wins face-off versus Colin Wilson in Sabres zone.
7:41 of 2nd period - Slapshot by Evander Kane.
7:41 of 2nd period - Stopped by Pekka Rinne with a rebound.
8:15 of 2nd period - Snap shot by Evander Kane.
8:15 of 2nd period - Shot Misses the Net.
8:29 of 2nd period - Snap shot by Scottie Upshall.
8:29 of 2nd period - Deflect By Evander Kane.
8:29 of 2nd period - Goal by Evander Kane - Sabres : 3 - Flames : 0.
8:30 of 2nd period - Eric Staal wins face-off versus Andrei Loktionov in neutral zone.
8:47 of 2nd period - Slapshot by Ilya Kovalchuk.
8:47 of 2nd period - Stopped by Pekka Rinne with a rebound.
9:37 of 2nd period - Snap shot by Brad Richardson.
9:37 of 2nd period - Stopped by Pekka Rinne without a rebound.
9:38 of 2nd period - Eric Staal wins face-off versus Brandon Sutter in Flames zone.
10:11 of 2nd period - Snap shot by Zach Bogosian.
10:11 of 2nd period - Stopped by Pekka Rinne without a rebound.
10:12 of 2nd period - Patrik Berglund wins face-off versus Andrei Loktionov in Flames zone.
10:12 of 2nd period - Patrik Berglund is hit by Andrei Loktionov.
10:24 of 2nd period - Slapshot by Steve Eminger.
10:24 of 2nd period - Shot Blocked by Michael Kostka.
10:46 of 2nd period - Snap shot by Colin Wilson.
10:46 of 2nd period - Stopped by Robin Lehner with a rebound.
10:51 of 2nd period - Off-side.
10:52 of 2nd period - Andrei Loktionov wins face-off versus Eric Staal in neutral zone.
11:06 of 2nd period - Slapshot by Kyle Okposo.
11:06 of 2nd period - Shot Misses the Net.
11:41 of 2nd period - Snap shot by Zack Kassian.
11:41 of 2nd period - Goal by Zack Kassian - Sabres : 4 - Flames : 0.
11:41 of 2nd period - Josh Harding enters game.
11:42 of 2nd period - Eric Staal wins face-off versus Andrei Loktionov in neutral zone.
11:45 of 2nd period - Slapshot by Erik Johnson.
11:45 of 2nd period - Shot Blocked by Kyle Okposo.
11:57 of 2nd period - Snap shot by Ilya Kovalchuk.
11:57 of 2nd period - Shot Misses the Net.
11:59 of 2nd period - Slapshot by Rob Scuderi.
11:59 of 2nd period - Deflect By Ilya Kovalchuk.
11:59 of 2nd period - Stopped by Josh Harding with a rebound.
12:09 of 2nd period - Scottie Upshall is hit by Brad Marchand.
12:13 of 2nd period - Slapshot by Ryan O'Reilly.
12:13 of 2nd period - Stopped by Josh Harding with a rebound.
12:17 of 2nd period - Snap shot by Evander Kane.
12:17 of 2nd period - Shot Blocked by Brad Marchand.
12:19 of 2nd period - Slapshot by Jared Cowen.
12:19 of 2nd period - Deflect By Evander Kane.
12:19 of 2nd period - Shot Blocked by Patrik Berglund.
12:19 of 2nd period - Puck is out of play.
12:20 of 2nd period - Andrei Loktionov wins face-off versus Patrik Berglund in Flames zone.
12:31 of 2nd period - Snap shot by Andrei Loktionov.
12:31 of 2nd period - Shot Misses the Net.
12:33 of 2nd period - Wrist shot by Kyle Okposo.
12:33 of 2nd period - Goal by Kyle Okposo - Sabres : 5 - Flames : 0.
12:34 of 2nd period - Eric Staal wins face-off versus Andrei Loktionov in neutral zone.
13:03 of 2nd period - Slapshot by Rob Scuderi.
13:03 of 2nd period - Shot Misses the Net.
13:24 of 2nd period - Wrist shot by Colin Wilson.
13:24 of 2nd period - Stopped by Robin Lehner without a rebound.
13:25 of 2nd period - Eric Staal wins face-off versus Vincent Lecavalier in Sabres zone.
14:58 of 2nd period - Snap shot by Brad Marchand.
14:58 of 2nd period - Stopped by Robin Lehner without a rebound.
14:59 of 2nd period - Andrei Loktionov wins face-off versus Patrik Berglund in Sabres zone.
15:08 of 2nd period - Backhand shot by Ilya Kovalchuk.
15:08 of 2nd period - Deflect By Michel Ouellet.
15:08 of 2nd period - Shot Blocked by Michel Ouellet.
15:08 of 2nd period - Puck is out of play.
15:09 of 2nd period - Eric Staal wins face-off versus Andrei Loktionov in Flames zone.
15:38 of 2nd period - Snap shot by Evander Kane.
15:38 of 2nd period - Shot Misses the Net.
15:46 of 2nd period - Snap shot by Evander Kane.
15:46 of 2nd period - Goal by Evander Kane - Sabres : 6 - Flames : 0.
15:47 of 2nd period - Andrei Loktionov wins face-off versus Eric Staal in neutral zone.
15:58 of 2nd period - Wrist shot by David Backes.
15:58 of 2nd period - Stopped by Robin Lehner without a rebound.
15:59 of 2nd period - Eric Staal wins face-off versus Andrei Loktionov in Sabres zone.
16:02 of 2nd period - Wrist shot by David Backes.
16:02 of 2nd period - Shot Blocked by Ilya Kovalchuk.
16:04 of 2nd period - Wrist shot by Eric Staal.
16:04 of 2nd period - Stopped by Robin Lehner without a rebound.
16:05 of 2nd period - Kyle Okposo wins face-off versus Eric Staal in Sabres zone.
17:28 of 2nd period - Colin Wilson is hit by Zach Bogosian and loses puck.
17:39 of 2nd period - Wrist shot by Brad Richardson.
17:39 of 2nd period - Shot Misses the Net.
17:41 of 2nd period - Wrist shot by Darcy Hordichuk.
17:41 of 2nd period - Shot Misses the Net.
17:43 of 2nd period - Snap shot by Michael Kostka.
17:43 of 2nd period - Stopped by Josh Harding with a rebound.
17:45 of 2nd period - Slapshot by Brandon Sutter.
17:45 of 2nd period - Shot Blocked by Eric Staal.
17:47 of 2nd period - Slapshot by Brad Richardson.
17:47 of 2nd period - Stopped by Josh Harding without a rebound.
17:48 of 2nd period - Eric Staal wins face-off versus Ryan O'Reilly in Flames zone.
17:50 of 2nd period - Minor Penalty to David Backes for Tripping.
17:51 of 2nd period - Andrei Loktionov wins face-off versus Mikhail Grabovski in Flames zone.
19:36 of 2nd period - Icing by Jared Cowen.
19:37 of 2nd period - Brad Marchand wins face-off versus Andrei Loktionov in Sabres zone.
19:50 of 2nd period - Penalty to David Backes is over, David Backes is back on ice.
Goals for this period are 4 for Sabres vs 0 for Flames.
Shots for this period are 13 for Sabres vs 8 for Flames.
3rd period
0:01 of 3rd period - Andrei Loktionov wins face-off versus Eric Staal in neutral zone.
0:10 of 3rd period - Wrist shot by Alexander Semin.
0:10 of 3rd period - Stopped by Robin Lehner with a rebound.
0:12 of 3rd period - Snap shot by David Backes.
0:12 of 3rd period - Shot Misses the Net.
0:14 of 3rd period - Slapshot by Sami Vatanen.
0:14 of 3rd period - Stopped by Robin Lehner without a rebound.
0:15 of 3rd period - Patrik Berglund wins face-off versus Evander Kane in Sabres zone.
0:41 of 3rd period - Kyle Okposo is hit by David Backes and loses puck.
1:12 of 3rd period - Minor Penalty to Colin Wilson for Holding.
1:13 of 3rd period - Mikhail Grabovski wins face-off versus Evander Kane in Flames zone.
1:27 of 3rd period - Wrist shot by Kyle Okposo.
1:27 of 3rd period - Stopped by Josh Harding without a rebound.
1:28 of 3rd period - Andrei Loktionov wins face-off versus Mikhail Grabovski in Flames zone.
1:29 of 3rd period - Snap shot by Evander Kane.
1:29 of 3rd period - Shot Misses the Net.
3:12 of 3rd period - Penalty to Colin Wilson is over, Colin Wilson is back on ice.
3:29 of 3rd period - Slapshot by Erik Johnson.
3:29 of 3rd period - Stopped by Robin Lehner without a rebound.
3:30 of 3rd period - Patrik Berglund wins face-off versus Brandon Sutter in Sabres zone.
3:37 of 3rd period - Wrist shot by Michel Ouellet.
3:37 of 3rd period - Stopped by Robin Lehner without a rebound.
3:38 of 3rd period - Brandon Sutter wins face-off versus Patrik Berglund in Sabres zone.
3:38 of 3rd period - Brandon Sutter is hit by Patrik Berglund.
4:00 of 3rd period - Jordan Leopold is hit by Patrik Berglund.
4:06 of 3rd period - Slapshot by Patrik Berglund.
4:06 of 3rd period - Stopped by Robin Lehner with a rebound.
4:08 of 3rd period - Wrist shot by Patrik Berglund.
4:08 of 3rd period - Stopped by Robin Lehner with a rebound.
4:10 of 3rd period - Wrist shot by Patrik Berglund.
4:10 of 3rd period - Shot Blocked by Darcy Hordichuk.
4:12 of 3rd period - Wrist shot by Michel Ouellet.
4:12 of 3rd period - Shot Misses the Net.
4:14 of 3rd period - Slapshot by Sami Vatanen.
4:14 of 3rd period - Goal by Sami Vatanen - Sabres : 6 - Flames : 1.
4:15 of 3rd period - Eric Staal wins face-off versus Andrei Loktionov in neutral zone.
4:50 of 3rd period - Off-side.
4:51 of 3rd period - Patrik Berglund wins face-off versus Andrei Loktionov in neutral zone.
4:56 of 3rd period - Slapshot by Derek Meech.
4:56 of 3rd period - Stopped by Robin Lehner with a rebound.
5:16 of 3rd period - Snap shot by Evander Kane.
5:16 of 3rd period - Stopped by Josh Harding with a rebound.
5:18 of 3rd period - Slapshot by Michael Kostka.
5:18 of 3rd period - Stopped by Josh Harding with a rebound.
5:20 of 3rd period - Snap shot by Evander Kane.
5:20 of 3rd period - Shot Misses the Net.
5:22 of 3rd period - Snap shot by Evander Kane.
5:22 of 3rd period - Deflect By Scottie Upshall.
5:22 of 3rd period - Shot Misses the Net.
5:22 of 3rd period - Puck is out of play.
5:23 of 3rd period - Alexander Semin wins face-off versus Ryan O'Reilly in Flames zone.
5:59 of 3rd period - Snap shot by Sami Vatanen.
5:59 of 3rd period - Shot Blocked by Zach Bogosian.
6:22 of 3rd period - Icing by Jared Cowen.
6:23 of 3rd period - Vincent Lecavalier wins face-off versus Eric Staal in Sabres zone.
6:32 of 3rd period - Snap shot by Vincent Lecavalier.
6:32 of 3rd period - Stopped by Josh Harding without a rebound.
6:33 of 3rd period - Eric Staal wins face-off versus Andrei Loktionov in Flames zone.
6:46 of 3rd period - Snap shot by David Backes.
6:46 of 3rd period - Stopped by Robin Lehner without a rebound.
6:47 of 3rd period - Andrei Loktionov wins face-off versus David Backes in Sabres zone.
7:19 of 3rd period - Snap shot by Scottie Upshall.
7:19 of 3rd period - Shot Misses the Net.
7:21 of 3rd period - Wrist shot by Scottie Upshall.
7:21 of 3rd period - Stopped by Josh Harding without a rebound.
7:22 of 3rd period - Andrei Loktionov wins face-off versus Eric Staal in Flames zone.
7:27 of 3rd period - Wrist shot by Kyle Okposo.
7:27 of 3rd period - Shot Blocked by David Backes.
7:29 of 3rd period - Minor Penalty to Alexander Semin for Hooking.
7:30 of 3rd period - Andrei Loktionov wins face-off versus Mikhail Grabovski in Flames zone.
7:43 of 3rd period - Snap shot by Evander Kane.
7:43 of 3rd period - Shot Blocked by Steve Eminger.
7:45 of 3rd period - Snap shot by Evander Kane.
7:45 of 3rd period - Stopped by Josh Harding with a rebound.
9:29 of 3rd period - Penalty to Alexander Semin is over, Alexander Semin is back on ice.
9:46 of 3rd period - Wrist shot by Brad Richardson.
9:46 of 3rd period - Shot Misses the Net.
10:51 of 3rd period - Wrist shot by Steve Regier.
10:51 of 3rd period - Stopped by Robin Lehner without a rebound.
10:52 of 3rd period - Ryan O'Reilly wins face-off versus Colin Wilson in Sabres zone.
11:24 of 3rd period - Snap shot by Jordin Tootoo.
11:24 of 3rd period - Stopped by Robin Lehner with a rebound.
11:56 of 3rd period - Evander Kane is hit by David Backes and loses puck.
12:03 of 3rd period - Wrist shot by David Backes.
12:03 of 3rd period - Stopped by Robin Lehner with a rebound.
13:04 of 3rd period - Wrist shot by Alexander Semin.
13:04 of 3rd period - Deflect By Eric Staal.
13:04 of 3rd period - Stopped by Robin Lehner with a rebound.
13:22 of 3rd period - Snap shot by Patrik Berglund.
13:22 of 3rd period - Shot Misses the Net.
14:00 of 3rd period - Alexander Semin is hit by Jakub Kindl and loses puck.
14:20 of 3rd period - Sami Vatanen is hit by Matt Martin and loses puck.
14:27 of 3rd period - Wrist shot by Zack Kassian.
14:27 of 3rd period - Shot Misses the Net.
15:00 of 3rd period - Ron Hainsey is hit by Andrei Loktionov and loses puck.
15:30 of 3rd period - Michael Kostka is hit by Eric Staal.
15:34 of 3rd period - Zack Kassian is hit by Derek Meech and loses puck.
15:47 of 3rd period - Eric Staal is hit by Evander Kane and loses puck.
16:36 of 3rd period - Snap shot by Jordin Tootoo.
16:36 of 3rd period - Stopped by Robin Lehner with a rebound.
17:03 of 3rd period - Snap shot by Jonathan Ferland.
17:03 of 3rd period - Stopped by Robin Lehner with a rebound.
17:23 of 3rd period - Icing by Erik Johnson.
17:24 of 3rd period - Colin Wilson wins face-off versus Ilya Kovalchuk in Flames zone.
17:24 of 3rd period - Colin Wilson is hit by Jakub Kindl.
17:49 of 3rd period - Erik Johnson is hit by Kyle Okposo and loses puck.
18:05 of 3rd period - Off-side.
18:06 of 3rd period - Ryan O'Reilly wins face-off versus Eric Staal in neutral zone.
18:21 of 3rd period - Wrist shot by Evander Kane.
18:21 of 3rd period - Stopped by Josh Harding without a rebound.
18:22 of 3rd period - Zack Kassian wins face-off versus Patrik Berglund in Flames zone.
18:47 of 3rd period - Zach Bogosian is hit by Alexander Semin and loses puck.
Goals for this period are 0 for Sabres vs 1 for Flames.
Shots for this period are 7 for Sabres vs 15 for Flames.
Back to the Top